AoeStats
← Prenzel03049

Black Forest

510518675Analyzed
2v2 RM · 2d ago on Oct 1, 2026· 43m 11s· 4 players
Game mode
Random Map
Map size
Medium (4 player)
Population
200
Speed
Normal
Resources
Standard
Victory
Conquest
Starting age
Dark Age
Ending age
Imperial Age
RankedLock teamsTeams togetherTeam positionsShared explorationLock speedFull tech treeHidden civsTurbo modeCheats
Victory
Defeat
🇮🇳 Mongols · India
1212
+12
🇩🇪 Franks · Germany
1161
+14
🇦🇷 Danes · Argentina
1139
-13
🇦🇷 Varangians · Argentina
1122
-13
Prenzel03049
1:00 Loom
12:05 Feudal Age
16:20 Castle Age
15:04 Double-Bit Axe
18:28 Wheelbarrow
21:27 Stone Mining
22:17 Gold Mining
23:50 Bow Saw
24:21 Gold Shaft Mining
24:26 Town Watch
25:19 Hand Cart
30:14 Imperial Age
28:28 Scale Barding Armor
28:33 Forging
29:03 Caravan
29:01 Ordonnance Companies
30:04 Chain Barding Armor
31:49 Plate Barding Armor
31:49 Iron Casting
31:42 Conscription
32:03 Gambesons
32:21 Squires
32:06 Arson
32:29 Scale Mail Armor
32:32 Husbandry
31:58 Cavalier
32:54 Elite Throwing Axeman
33:39 Chivalry
34:25 Paladin
37:17 Blast Furnace
36:33 Chain Mail Armor
36:55 Ballistics
37:35 Chemistry
40:56 Light Cavalry
Hyderabad (Ind)
6:06 Loom
12:04 Feudal Age
13:47 Double-Bit Axe
16:57 Castle Age
15:04 Stone Mining
15:28 Horse Collar
18:12 Heavy Plow
24:15 Bow Saw
28:10 Wheelbarrow
29:45 Caravan
30:23 Hand Cart
29:53 Town Watch
30:46 Gold Mining
31:32 Stone Shaft Mining
34:27 Imperial Age
32:47 Forging
32:48 Scale Barding Armor
32:43 Padded Archer Armor
32:34 Fletching
34:05 Iron Casting
33:33 Husbandry
33:44 Bloodlines
33:53 Nomads
34:03 Thumb Ring
35:01 Gold Shaft Mining
34:51 Chain Barding Armor
35:31 Conscription
35:47 Hoardings
35:29 Leather Archer Armor
35:49 Parthian Tactics
35:03 Heavy Camel Rider
35:24 Capped Ram
36:11 Bodkin Arrow
37:46 Blast Furnace
37:59 Drill
38:26 Elite Mangudai
39:36 Bracer
39:39 Siege Ram
IzzyPizzy
1:41 Loom
11:03 Feudal Age
12:46 Double-Bit Axe
16:13 Wheelbarrow
15:48 Horse Collar
15:59 Stone Mining
16:22 Gold Mining
21:39 Castle Age
20:46 Scale Barding Armor
20:51 Forging
20:55 Fletching
22:06 Bloodlines
22:33 Bow Saw
23:04 Stone Shaft Mining
24:16 Chain Barding Armor
24:27 Heavy Plow
28:40 Iron Casting
28:02 Bodkin Arrow
28:25 Husbandry
28:31 Town Watch
29:18 Hand Cart
29:57 Scale Mail Armor
31:45 Murder Holes
32:14 Masonry
35:33 Imperial Age
33:51 Chain Mail Armor
34:03 Vendel Legacy
35:30 Coinage
35:07 Caravan
37:33 Chemistry
37:09 Conscription
37:34 Plate Barding Armor
37:44 Bracer
37:14 Gothikon
38:37 Banking
38:29 Guilds
42:00 Town Patrol
John_Salchichon
0:34 Loom
12:00 Feudal Age
12:34 Double-Bit Axe
13:52 Wheelbarrow
15:26 Gold Mining
15:29 Stone Mining
15:23 Horse Collar
21:33 Castle Age
20:51 Forging
20:41 Scale Mail Armor
22:37 Squires
22:23 Gambesons
25:04 Heavy Plow
27:10 Hand Cart
26:54 Arson
27:25 Bow Saw
28:01 Gold Shaft Mining
28:03 Stone Shaft Mining
28:46 Iron Casting
28:26 Chain Mail Armor
30:49 Chain Mail Armor
33:17 Fletching
37:40 Imperial Age
36:27 Hamask
38:24 Elite Varangian Guard
42:30 Blast Furnace
42:01 Plate Mail Armor
Connection lost

Rejoining the realm…

Still unreachable

The connection could not be restored.

Session expired

The server has moved on; the page needs a fresh start.